AoeStats
← Robert Hatemo

Arabia

510340891Analyzed
1v1 RM · 22h ago on Sep 30, 2026· 43m 36s· 2 players
Game mode
Random Map
Map size
Tiny (2 player)
Population
200
Speed
Normal
Resources
Standard
Victory
Conquest
Starting age
Dark Age
Ending age
Imperial Age
RankedLock teamsTeams togetherTeam positionsShared explorationLock speedFull tech treeHidden civsTurbo modeCheats
Victory
Defeat
🇹🇷 Bengalis · Türkiye
1143
+15
🇨🇿 Britons · Czechia
1131
-15
Baba Jaga
9:08 Feudal Age
9:29 Loom
9:45 Double-Bit Axe
20:00 Castle Age
18:15 Gold Mining
18:12 Horse Collar
19:16 Fletching
20:14 Wheelbarrow
20:22 Padded Archer Armor
20:33 Crossbowman
21:12 Bodkin Arrow
23:28 Heavy Plow
23:53 Leather Archer Armor
24:50 Ballistics
25:40 Hand Cart
25:24 Stone Mining
26:10 Gold Shaft Mining
26:15 Forging
26:27 Town Watch
26:44 Pikeman
29:04 Scale Mail Armor
29:40 Iron Casting
30:10 Chain Mail Armor
32:12 Yeomen
40:51 Imperial Age
40:26 Town Patrol
40:57 Arbalester
41:40 Bracer
Robert Hatemo
5:16 Loom
11:13 Feudal Age
16:11 Castle Age
14:35 Double-Bit Axe
15:30 Horse Collar
17:13 Bow Saw
19:59 Wheelbarrow
23:10 Fletching
23:21 Padded Archer Armor
24:19 Gold Mining
25:46 Bodkin Arrow
27:05 Leather Archer Armor
28:14 Gold Shaft Mining
28:36 Ballistics
29:09 Husbandry
29:54 Bloodlines
33:52 Imperial Age
33:47 Heavy Plow
34:19 Hand Cart
34:36 Bracer
35:12 Conscription
36:08 Chemistry
34:54 Elite Elephant Archer
36:14 Paiks
37:59 Ring Archer Armor
41:36 Mahayana
Connection lost

Rejoining the realm…

Still unreachable

The connection could not be restored.

Session expired

The server has moved on; the page needs a fresh start.